 Dungeon Crawl Stone Soup version 0.30.0-29-ga12c61a403 (webtiles) character file.

Game seed: 5867212092212960702

143 monsoonserge the Slasher (level 5, -1/42 HPs)
             Began as a Demonspawn Monk on June 14, 2023.
             Succumbed to an orc wizard's poison
             ... on level 4 of the Dungeon.
             The game lasted 00:05:06 (1532 turns).

monsoonserge the Slasher (Demonspawn Monk)          Turns: 1532, Time: 00:05:07

Health: -1/42      AC:  7    Str: 12    XL:     5   Next: 4%
Magic:  5/5        EV: 10    Int: 11    God:
Gold:   85         SH:  0    Dex: 17    Spells: 4/4 levels left

rFire   . . .        a - +0 falchion
rCold   . . .        d - orb {light}
rNeg    . . .        g - +0 scale mail
rPois   .            (no helmet)
rElec   .            (no cloak)
rCorr   .            (no gloves)
SInv    .            n - +0 pair of boots
Will    .....        (no amulet) Stlth
                     (no ring)
HPRegen 0.27/turn    (no ring)
MPRegen 0.09/turn

%: no passive effects
@: lethally poisoned (-1 -> -13), glowing
A: foul stench 1
a: no special abilities


You were on level 4 of the Dungeon.
You visited 1 branch of the dungeon, and saw 3 of its levels.

You collected 85 gold pieces.

Inventory:

Hand Weapons
 a - a +0 falchion (weapon)
 r - the +4 spear of the Messenger {heavy, +Blink}
   (You found it on level 2 of the Dungeon)

   +Blink:    It lets you blink.
Missiles
 f - 27 stones (quivered)
 u - 6 poisoned darts
Armour
 b - a +0 robe
 d - an orb of light (worn)
 g - a +0 scale mail (worn)
 n - a +0 pair of boots (worn)
 t - an orb of energy
Scrolls
 e - 2 scrolls of immolation {unknown}
 h - a scroll of brand weapon {unknown}
 j - a scroll of enchant weapon {unknown}
 m - a scroll of identify {unknown}
Potions
 i - a potion of attraction {unknown}
 k - a potion of curing {unknown}
 l - a potion of flight {unknown}
 o - a potion of invisibility {unknown}
 p - a potion of resistance {unknown}
 q - a potion of experience {unknown}
 s - 2 potions of might {unknown}


   Skills:
 + Level 3.7 Fighting
 + Level 3.9 Long Blades
 + Level 1.6 Armour
 + Level 3.3 Dodging


You had 4 spell levels left.
You didn't know any spells.
Your spell library was empty.

Dungeon Overview and Level Annotations

Branches:
Dungeon (2/15)

Altars:
Gozag
Qazlal

Shops:
D:1 *


Innate Abilities, Weirdness & Mutations

You may rarely emit foul miasma when damaged in melee.


Message History

You are lethally poisoned!
The orc barely misses you.
You have reached level 5!
Okay, then.
Press: ? - help, v - describe, . - travel
Here: an endoplasm (haloed)
The floor.
You are confused.
You feel invigorated.
You feel sick.
The orc wizard hits you but does no damage.
The orc closely misses you.
You bump into the rock wall.
You feel sick.
The orc wizard hits you with a +1 dagger of venom.
* * * LOW HITPOINT WARNING * * *
You are lethally poisoned!
The orc hits you but does no damage.
You're too confused to move!
* * * LOW HITPOINT WARNING * * *
You feel very sick.
The orc wizard points at you and mumbles some strange words.
The puff of flame hits you!
* * * LOW HITPOINT WARNING * * *
The orc barely misses you.
You hit the orc wizard.
The orc wizard is moderately wounded.
You feel less invigorated.
You feel less confused.
* * * LOW HITPOINT WARNING * * *
You feel very sick. The orc wizard misses you.
The orc hits you but does no damage.
You hit the orc wizard.
The orc wizard is heavily wounded.
* * * LOW HITPOINT WARNING * * *
You feel sick.
The orc wizard hits you but does no damage.
You are more poisoned.
The orc hits you but does no damage.
You closely miss the orc wizard.
The orc wizard is heavily wounded.
You die...

..#............#
..#............#
..#............#
..#............#
#'#....†.......#########
..........####..........
..........#..#..........
..........#..+..)o......
.............#..@oJ.....
###########.....####....
#.....# . #.....#
#.....# #.....+ #.....#
##+####


You could see an orc wizard (invisible), an orc and an endoplasm.

Vanquished Creatures
  An orc priest (D:4)
  3 gnolls (D:4)
  3 adders
  4 ball pythons
  5 endoplasms
  A giant cockroach (D:1)
  7 hobgoblins
  6 jackals (D:1)
  4 quokkas
  5 bats
  5 frilled lizards (D:1)
  6 goblins (D:1)
  3 kobolds (D:1)
  3 rats
56 creatures vanquished.

Notes
Turn   | Place    | Note
-------+----------+-------------------------------------------
     0 | D:1      | monsoonserge the Demonspawn Monk began the quest for the
                  | Orb.
     0 | D:1      | Reached XP level 1. HP: 18/18 MP: 1/1
   173 | D:1      | Found Fausor's Assorted Antiques.
   180 | D:1      | Gained mutation: You may rarely emit foul miasma when
                  | damaged in melee. [demonic ancestry]
   180 | D:1      | Reached XP level 2. HP: 22/24 MP: 2/2
   463 | D:1      | Reached XP level 3. HP: 21/29 MP: 3/3
   871 | D:2      | Found a stormy altar of Qazlal.
  1095 | D:2      | Reached XP level 4. HP: 35/35 MP: 4/4
  1171 | D:2      | Identified the +4 spear of the Messenger {heavy, +Blink}
  1190 | D:2      | You fall into a shaft and drop 2 floors!
  1267 | D:4      | Reached skill level 1 in Armour
  1406 | D:4      | Found an opulent altar of Gozag.
  1527 | D:4      | Reached XP level 5. HP: 7/42 MP: 5/5
  1531 | D:4      | HP: 2/42 [poisoned by an orc wizard]
  1532 | D:4      | Succumbed to an orc wizard's poison

Illustrated notes

Levels and vault maps discovered:
D:1:      moated_graveyard_arrival, layout_basic, serial_glass, glass_columns_b,
          glass_columns_b, serial_shops, nicolae_shop_tiny_statue_garden
D:2:      layout_basic, basic_altar, chequers_serial_rivers_small_b,
          minmay_misc_feat_roman, grunt_ministairs_7, serial_bayou_pond_d
D:4:      layout_gridville, lemuel_doored_altar

Skill      XL: |  1  2  3  4 |
---------------+-------------+-----
Long Blades    | 3 |  3.9
Dodging        | 3 |  3.3
Armour         | 1 |  1.6
Fighting       | |  3.7

Action                     |  1- 3 |  4- 6 || total
---------------------------+-------+-------++-------
  Melee: Falchion          |    95 |    42 ||   137
    Use: Potion            |       |     1 ||     1
 Armour: Robe              |     2 |       ||     2
         Scale mail        |    28 |    20 ||    48
  Dodge: Dodged            |    56 |    29 ||    85
